 Dungeon Crawl Stone Soup version 0.17-a0-1984-g55f5988 (webtiles) character file.

16 Ordine the Magician (level 2, 0/15 HPs)
             Began as a Deep Elf Wizard on Oct 6, 2015.
             Slain by a gnoll
             ... wielding a +0 whip
              (3 damage)
             ... on level 1 of the Dungeon.
             The game lasted 00:03:25 (726 turns).

Ordine the Magician (Deep Elf Wizard)                Turns: 726, Time: 00:03:25

Health: 0/15       AC:  2    Str:  4    XL:     2   Next: 37%
Magic:  0/9        EV: 12    Int: 19    God:
Gold:   69         SH:  0    Dex: 13    Spells: 3 memorised, 5 levels left

rFire  . . .     SeeInvis .     g - +0 dagger
rCold  . . .     Clarity  .     a - +0 robe
rNeg   . . .     SustAt   .     (no shield)
rPois  .         Gourm    .     b - +0 hat
rElec  .         Spirit   .     (no cloak)
rCorr  .         Warding  .     (no gloves)
rMut   .         Stasis   .     (no boots)
MR     .....                    (no amulet)
Stlth  ++........               (no ring)
                                f - -3 ring of intelligence (curse)

@: not resistant to hostile enchantments, unstealthy
A: no striking features
a: no special abilities


You were on level 1 of the Dungeon.
You were not hungry.

You visited 1 branch of the dungeon, and saw 1 of its levels.

You collected 69 gold pieces.

Inventory:

Hand Weapons
 g - a +0 dagger (weapon)
Armour
 a - a +0 robe (worn)
 b - a +0 hat (worn)
Jewellery
 f - a cursed -3 ring of intelligence (left hand)
Scrolls
 e - a scroll of fog {unknown}
 l - a scroll of enchant armour {unknown}
Potions
 h - a potion of cure mutation {unknown}
 i - a potion of flight {unknown}
 j - a potion of brilliance {unknown}
 k - 2 potions of curing {unknown}
Books
 c - a book of Minor Magic

   Spells                             Type                      Level
   a - Magic Dart                     Conjuration                  1
   b - Blink                          Translocation                2
   c - Call Imp                       Summoning                    2
   d - Repel Missiles                 Charms/Air                   2
   e - Slow                           Hexes                        2
   f - Conjure Flame                  Conjuration/Fire             3
   g - Mephitic Cloud                 Conjuration/Poison/Air       3
Comestibles
 d - a bread ration


   Skills:
 - Level 2.4 Dodging
 - Level 2.4 Stealth
 + Level 4.5 Spellcasting
 * Level 2.5 Conjurations
   Level 1.1 Summonings
 - Level 1.1 Translocations


You had 5 spell levels left.
You knew the following spells:

 Your Spells              Type           Power        Failure   Level  Hunger
a - Magic Dart            Conj           ##..         6%          1    None
b - Blink                 Tloc           N/A          14%         2    #......
c - Repel Missiles        Chrm/Air       #.....       21%         2    #......


Dungeon Overview and Level Annotations

Branches:
Dungeon (1/15)

Altars:


Message History

The gnoll is severely wounded.
The gnoll hits you with a whip. The gnoll barely misses you.
Casting: Magic Dart
Confirm with . or Enter, or press ? or * to list all spells.
Aiming: Magic Dart
Press: ? - help, Shift-Dir - straight line, f/p - gnoll
Aim: a gnoll, wielding a whip (severely wounded)
You miscast Magic Dart.
Nothing appears to happen.
The gnoll closely misses you. The gnoll hits you with a whip.
Casting: Magic Dart
Confirm with . or Enter, or press ? or * to list all spells.
You blink.
The gnoll hits you with a whip.
* * * LOW HITPOINT WARNING * * *
Your magical contamination has completely faded away.
Casting: Blink
Confirm with . or Enter, or press ? or * to list all spells.
You blink.
The gnoll hits you with a whip.
You die...

######..#####..............†...#
# #.........########...####.# #
###.#############.......##.# #
#...# #............##.# # #.###
#.##.#.......##.# # #.#
#.##.###...####.## # #.# #.##.#
#...# #..# #####.# #.##.# #####
##.# ...##.####### #@##.# #.#
....#.(.....# #g##.# #.#
...).######.# #§##.# #.#
........###.####.##.# #.#
.†.#.............(..# #.#
...####.#####.##.#### #.#
........# #.##.# #.# ..†.....#
#.##(###### #.# ........#
#.##......# #######.#


You could see a gnoll.

Vanquished Creatures
  2 bats (D:1)
  A hobgoblin (D:1)
  6 kobolds (D:1)
  A ball python (D:1)
  A giant gecko (D:1)
  2 giant newts (D:1)
  2 goblins (D:1)
  3 rats (D:1)
18 creatures vanquished.

Notes
Turn   | Place    | Note
--------------------------------------------------------------
     0 | D:1      | Ordine the Deep Elf Wizard began the quest for the Orb.
     0 | D:1      | Reached XP level 1. HP: 10/10 MP: 7/7
   313 | D:1      | Reached XP level 2. HP: 15/15 MP: 4/9
   359 | D:1      | Learned a level 2 spell: Blink
   362 | D:1      | Learned a level 2 spell: Repel Missiles
   726 | D:1      | Slain by a gnoll

Vault maps used:
D:1:      dpeg_arrival_rooms_c, minmay_misc_feat_tiny, wad_floor_pattern_2

Action                   || total
-------------------------++-------
Melee: Dagger            ||     2
 Cast: Magic Dart        ||    39
       Blink             ||     3
  Use: Scroll            ||     1
